 Dungeon Crawl Stone Soup version 0.29.1-2-gbd0b4ee654 (webtiles) character file.

Game seed: 17931122465381966509

36 warriortoast the Digger (level 3, 0/20 HPs)
             Began as a Gargoyle Earth Elementalist on Nov 23, 2022.
             Slain by Terence
             ... wielding a +0 short sword
              (1 damage)
             ... on level 2 of the Dungeon.
             The game lasted 00:02:59 (1048 turns).

warriortoast the Digger (GrEE)                      Turns: 1048, Time: 00:03:00

Health: 0/20       AC:  6    Str: 13    XL:     3   Next: 37%
Magic:  3/6        EV: 12    Int: 15    God:
Gold:   39         SH:  0    Dex: 10    Spells: 5/6 levels left

rFire   . . .      SeeInvis .   g - +0 mace
rCold   . . .      Faith    .   (no shield)
rNeg    + . .      Spirit   .   a - +0 robe
rPois   ∞          Reflect  .   (no helmet)
rElec   +          Harm     .   (no cloak)
rCorr   .          Rampage  .   c - +0 pair of gloves
Will    .....                   (no boots)
Stlth   ++........              (no amulet)
HPRegen 0.06/turn               (no ring)
MPRegen 0.10/turn               (no ring)

@: no status effects
A: sickness immunity, AC +3, negative energy resistance 1, electricity
resistance, torment resistance 1, petrification resistance
a: no special abilities


You were on level 2 of the Dungeon.
You visited 1 branch of the dungeon, and saw 2 of its levels.

You collected 39 gold pieces.

Inventory:

Hand Weapons
 e - a +0 short sword
 g - a +0 mace (weapon)
Missiles
 f - 4 boomerangs of dispersal
Armour
 a - a +0 robe (worn)
 c - a +0 pair of gloves (worn)
 k - a +0 plate armour
 l - a +0 scale mail of cold resistance
Jewellery
 m - a ring of fire
Scrolls
 h - 2 scrolls of identify {unknown}
 i - a scroll of torment {unknown}
 j - 2 scrolls of teleportation {unknown}
Potions
 b - a potion of magic
 d - a potion of attraction {unknown}
 n - a potion of brilliance {unknown}


   Skills:
 + Level 0.9 Fighting
 + Level 1.8 Dodging
 + Level 2.7 Stealth
 + Level 2.2 Spellcasting
 + Level 1.2 Transmutations
 + Level 3.9 Earth Magic


You had 5 spell levels left.
You knew the following spells:

 Your Spells              Type           Power      Damage    Failure   Level
a - Sandblast             Erth           26%        2d8       4%          1

Your spell library contained the following spells:

 Spells                   Type           Power      Damage    Failure   Level
 Passwall                 Tmut/Erth      7%         N/A       11%         2
 Stone Arrow              Conj/Erth      14%        3d7       28%         3
 Frozen Ramparts          Ice            2%         1d1       54%         3
 Petrify                  Tmut/Erth      9%         N/A       58%         4
 Ice Form                 Ice/Tmut       3%         N/A       86%         4
 Summon Ice Beast         Ice/Summ       1%         N/A       91%         4


Dungeon Overview and Level Annotations

Branches:
Dungeon (2/15)

Altars:

Annotations:
D:2 Terence


Innate Abilities, Weirdness & Mutations

You are immune to sickness and miasma.
Your stone body is resilient. (AC +3)
You are immune to poison.
You resist negative energy. (rN+)
You are resistant to electric shocks. (rElec)
You are resistant to unholy torment.
You are immune to petrification.


Message History

Terence closely misses you.
You hit Terence but do no damage.
Terence is moderately wounded.
Terence barely misses you. Terence hits you but does no damage.
You hit Terence but do no damage.
Terence is moderately wounded.
Terence barely misses you.
You hit Terence.
Terence is severely wounded.
Terence hits you with a +0 short sword.
You closely miss Terence.
Terence is severely wounded.
Terence looks scornfully at you.
Terence hits you with a +0 short sword. x2
You hit Terence but do no damage.
Terence is severely wounded.
Terence hits you but does no damage.
You barely miss Terence.
Terence is severely wounded.
Terence hits you but does no damage. x2
You hit Terence but do no damage.
Terence is severely wounded.
Terence barely misses you.
You hit Terence but do no damage.
Terence is heavily wounded.
Terence misses you.
You hit Terence but do no damage.
Terence is heavily wounded.
Terence says, "Did you write a will?
You should..."
Terence hits you with a +0 short sword.
* * * LOW HITPOINT WARNING * * *
Terence hits you with a +0 short sword.
* * * LOW HITPOINT WARNING * * *
You barely miss Terence.
Terence is heavily wounded.
Terence closely misses you.
You hit Terence but do no damage.
Terence is heavily wounded.
Terence hits you with a +0 short sword.
You die...

.## ..# #.. #.. #.#
#.# #b# #@# #@# .#
#.# #.# .###.#
#.#########..##.#
#.........##.##.#
#########.##.##.#
#.######.......##.#
..................##
#.######..(......<..
#.......#####


You could see Terence and a bat.

Vanquished Creatures
  A dart slug (D:1)
  4 endoplasms
  A giant cockroach (D:1)
  2 goblins (D:1)
  5 hobgoblins
  4 jackals (D:1)
  2 kobolds (D:1)
  A quokka (D:1)
  A ball python (D:1)
  4 bats (D:1)
  A frilled lizard (D:1)
  4 rats (D:1)
30 creatures vanquished.

Notes
Turn   | Place    | Note
-------+----------+-------------------------------------------
     0 | D:1      | warriortoast the Gargoyle Earth Elementalist began the
                  | quest for the Orb.
     0 | D:1      | Reached XP level 1. HP: 10/10 MP: 3/3
   118 | D:1      | Reached XP level 2. HP: 16/16 MP: 0/5
   136 | D:1      | Reached skill level 1 in Transmutations
   684 | D:1      | Reached XP level 3. HP: 20/20 MP: 4/6
  1026 | D:2      | Noticed Terence
  1046 | D:2      | HP: 1/20 [Terence/+0 short sword (5)]
  1048 | D:2      | Slain by Terence

Illustrated notes

Levels and vault maps discovered:
D:1:      moated_graveyard_arrival, layout_loops_ring, minmay_unequal
D:2:      layout_basic, uniq_terence, uniq_sigmund

Skill      XL: |  1  2 |
---------------+-------+-----
Transmutations | 1 |  1.2
Fighting       | |  0.9
Dodging        | |  1.8
Stealth        | |  2.7
Spellcasting   | |  2.2
Earth Magic    | |  3.9

Action                   || total
-------------------------++-------
Melee: Unarmed           ||     4
       Short sword       ||     2
       Mace              ||    21
 Cast: Sandblast         ||    38
Armor: Robe              ||    11
Dodge: Dodged            ||    35
